 Dungeon Crawl Stone Soup version 0.22-a0-389-g8519d86 (webtiles) character file.

37 Iko the Skirmisher (level 3, -1/34 HPs)
             Began as a Naga Chaos Knight on Apr 30, 2018.
             Slain by a worker ant (3 damage)
             ... on level 4 of the Dungeon.
             The game lasted 00:08:07 (333 turns).

Iko the Skirmisher (Naga Chaos Knight)               Turns: 333, Time: 00:08:08

Health: -1/34      AC:  1    Str: 14    XL:     3   Next: 41%
Magic:  3/3        EV:  9    Int: 12    God:    Xom [......]
Gold:   39         SH:  0    Dex: 11    Spells: 2/2 levels left

rFire    . . .     SeeInvis +   d - +1 flail (holy)
rCold    . . .     Gourm    .   (no shield)
rNeg     . . .     Faith    .   (no armour)
rPois    +         Spirit   .   (no helmet)
rElec    .         Reflect  .   (no cloak)
rCorr    .         Harm     .   (no gloves)
MR       .....                  (no barding)
Stlth    +.........             (no amulet)
HPRegen  0.11/turn              (no ring)
MPRegen  0.08/turn              (no ring)

@: very slow
A: large, see invisible, deformed body, poison resistance, slowness 2, slow
metabolism 1, spit poison 1, AC +1
a: Spit Poison, Renounce Religion


You were on level 4 of the Dungeon.
You worshipped Xom.
You were a very special plaything of Xom.
You were not hungry.

You visited 1 branch of the dungeon, and saw 4 of its levels.

You collected 39 gold pieces.

Inventory:

Hand Weapons
 a - a +0 short sword of chaos
 d - a +1 flail of holy wrath (weapon)
Armour
 b - a +2 leather armour
 e - a +0 leather armour
 f - a +0 ring mail
 h - a cursed -2 leather armour
 i - a +0 robe
Scrolls
 g - a scroll of amnesia
Comestibles
 c - a ration


   Skills:
 + Level 3.5 Fighting
 + Level 3.5 Short Blades
 + Level 0.1 Maces & Flails
 + Level 1.8 Armour
 + Level 0.9 Dodging
 + Level 0.7 Stealth


You had 2 spell levels left.
You didn't know any spells.

Dungeon Overview and Level Annotations

Branches:
Dungeon (4/15)
 Temple: D:4-7

Altars:
Xom


Innate Abilities, Weirdness & Mutations

You cannot wear boots.
Your serpentine skin is tough. (AC +1)
You have supernaturally acute eyesight. (SInv)
Armour fits poorly on your strangely shaped body.
Your system is resistant to poisons. (rPois)
You cover ground very slowly.
You have a slow metabolism.
You can spit poison.


Message History

The worker ant closely misses you. The worker ant barely misses you.
Keep disrobing? [Y]es or [N]o only, please.
Keep disrobing?
You start removing your armour.
You continue taking off your +2 leather armour.
The worker ant barely misses you.
You continue taking off your +2 leather armour.
The worker ant closely misses you.
You continue taking off your +2 leather armour.
The worker ant bites you.
* * * LOW HITPOINT WARNING * * *
You continue taking off your +2 leather armour.
The worker ant barely misses you.
You finish taking off your +2 leather armour.
The worker ant bites you.
* * * LOW HITPOINT WARNING * * *
The worker ant bites you.
You die...
Xom thinks this is hilarious!

≈≈≈≈≈≈≈≈≈#
#........
#........ #.......
.## #....... ..#
##......# #.#
.l......# #.######
#.# #.#._.=# ###.#
#.#@#
#...####.#a##.#
..##.#_†.........#
#.........#.#.####
.....#####.#...#
##.## #.##### #.
..# # ###


You could see a worker ant.

Vanquished Creatures
  A worker ant (D:4)
  A leopard gecko (D:2)
  An orc (D:3)
  A giant cockroach (D:3)
  A goblin (D:1)
  2 hobgoblins (D:2)
  A bat (D:1)
  2 kobolds (D:1)
  A rat (D:1)
11 creatures vanquished.

Vanquished Creatures (collateral kills)
  An orc (D:2)
1 creature vanquished.

Grand Total: 12 creatures vanquished

Notes
Turn   | Place    | Note
-------+----------+-------------------------------------------
     0 | D:1      | Iko the Naga Chaos Knight began the quest for the Orb.
     0 | D:1      | Reached XP level 1. HP: 21/21 MP: 1/1
    71 | D:1      | XOM: potion effect (brilliance)
   158 | D:2      | XOM: god gift: scroll labeled SIXKER EBACO {god gift}
   179 | D:2      | Reached XP level 2. HP: 27/28 MP: 2/2
   319 | D:4      | Reached XP level 3. HP: 3/34 MP: 3/3
   327 | D:4      | XOM: scenery: create altars
   333 | D:4      | Slain by a worker ant

Vault maps used:
D:1:      dpeg_chamrin_arrival_tetris
D:2:      okawaru_altar_gauntlet_db
D:3:      kennysheep_six_static_rooms, eat_drink_and_be_merry_uskayaw,
          nicolae_overflow_crystal_walls, nemelex_diamond_rough_becter
D:4:      st_stairs_4, lightli_minifort, uniq_edmund

Action                   || total
-------------------------++-------
Melee: Short sword       ||    24
       Flail             ||    11
  Use: Scroll            ||     2
       Potion            ||     2
 Stab: Distracted        ||     1
Armor: Leather armour    ||    15
Dodge: Dodged            ||    29

Table legend:
 A = Spawn XP
 B = Non-spawn XP
 C = Spawn XP percentage of total XP
 D = Spawn monster count
 E = Non-spawn monster count
 F = Spawn count percentage of total count
 G = Total turns spent on level
                    A         B        C        D         E        F      G
               +---------+---------+-------+---------+---------+-------+---------
         Total |       0 |      54 |   0.0 |       0 |      12 |   0.0 |   333
               +---------+---------+-------+---------+---------+-------+---------
           D:1 |       0 |       7 |   0.0 |       0 |       5 |   0.0 |   135
           D:2 |       0 |       9 |   0.0 |       0 |       4 |   0.0 |   111
           D:3 |       0 |       4 |   0.0 |       0 |       2 |   0.0 |    54
           D:4 |       0 |      34 |   0.0 |       0 |       1 |   0.0 |    33
               +---------+---------+-------+---------+---------+-------+---------
